 Dungeon Crawl Stone Soup version 0.29.1-12-g30fa7ad0bf (webtiles) character file.

Game seed: 7076172510498888332

122 wormed the Ogre Mage (level 5, 0/40 (45) HPs)
             Began as an Ogre Venom Mage on Dec 28, 2022.
             Slain by a necrophage (6 damage)
             ... on level 4 of the Dungeon.
             The game lasted 00:06:11 (3733 turns).

wormed the Ogre Mage (Ogre Venom Mage)              Turns: 3733, Time: 00:06:13

HP:   0/40 (45)     AC:  3    Str: 12    XL:     5   Next: 6%
MP:   4/11          EV: 10    Int: 18    God:
Gold: 131           SH:  0    Dex:  9    Spells: 2/12 levels left

rFire   . . .      SeeInvis .   h - +0 dagger
rCold   . . .      Faith    .   (no shield)
rNeg    . . .      Spirit   .   a - +0 robe
rPois   .          Reflect  .   (helmet restricted)
rElec   .          Harm     .   (no cloak)
rCorr   .          Rampage  .   (gloves unavailable)
Will    .....                   (boots unavailable)
Stlth   ++........              (no amulet)
HPRegen 0.13/turn               (no ring)
MPRegen 0.12/turn               (no ring)

@: heavily drained
A: large, unfitting armour, tough skin 1
a: no special abilities


You were on level 4 of the Dungeon.
You visited 1 branch of the dungeon, and saw 4 of its levels.

You collected 131 gold pieces.

Inventory:

Hand Weapons
 h - a +0 dagger (weapon)
Armour
 a - a +0 robe (worn)
Jewellery
 d - a ring of fire
Scrolls
 g - a scroll of teleportation {unknown}
 i - a scroll of identify {unknown}
 j - a scroll of enchant armour {unknown}
 k - a scroll of immolation
 m - a scroll of magic mapping {unknown}
 n - a scroll of poison {unknown}
Potions
 b - a potion of magic
 c - a potion of mutation {unknown}
 e - 2 potions of resistance {unknown}
 f - a potion of berserk rage {unknown}
 l - 2 potions of attraction {unknown}


   Skills:
 - Level 2.0 Dodging
 - Level 2.0 Stealth
 - Level 4.0 Spellcasting
 - Level 1.0 Transmutations
 + Level 3.9 Poison Magic


You had 2 spell levels left.
You knew the following spells:

 Your Spells              Type           Power      Damage    Failure   Level
a - Sting                 Tmut/Pois      48%        1d5       5%          1
b - Poisonous Vapours     Pois/Air       20%        N/A       10%         2
c - Olgreb's Toxic Radia  Pois           17%        N/A       30%         4
d - Mephitic Cloud        Conj/Pois/Air  8%         N/A       26%         3

Your spell library contained the following spells:

 Spells                   Type           Power      Damage    Failure   Level
 Freeze                   Ice            12%        1d4       14%         1
 Call Canine Familiar     Summ           3%         N/A       41%         3
 Frozen Ramparts          Ice            6%         1d1       41%         3
 Portal Projectile        Hex/Tloc       6%         N/A       41%         3
 Hailstorm                Conj/Ice       3%         3d3       82%         4
 Leda's Liquefaction      Hex/Erth       1%         N/A       82%         4


Dungeon Overview and Level Annotations

Branches:
Dungeon (3/15)

Altars:


Innate Abilities, Weirdness & Mutations

You are too large for most types of armour.
You have tough skin. (AC +1)


Message History

The necrophage hits you.
You feel drained.
You hit the necrophage.
The necrophage is heavily damaged.
The necrophage hits you.
You feel drained.
* * * LOW HITPOINT WARNING * * *
The necrophage attacks as you move away!
The necrophage completely misses you.
The necrophage attacks as you move away!
The necrophage hits you.
* * * LOW HITPOINT WARNING * * *
You see here a book of the Hunter.
You pick up a book of the Hunter and begin reading...
You add the spells Call Canine Familiar, Portal Projectile and Leda's Liquefaction to your library.
The necrophage hits you.
* * * LOW HITPOINT WARNING * * *
Casting: Sting (safe; 5% risk of failure)
Confirm with . or Enter, or press ? or * to list all spells.
Aiming: Sting (safe; 5% risk of failure)
Press: ? - help, Shift-Dir - straight line, f/p - necrophage
Aim: a necrophage (heavily damaged, 71% to hit)
The sting hits the necrophage.
The necrophage partially resists.
The necrophage is heavily damaged.
The necrophage misses you.
Casting: Sting (safe; 5% risk of failure)
Confirm with . or Enter, or press ? or * to list all spells.
Aiming: Sting (safe; 5% risk of failure)
Press: ? - help, Shift-Dir - straight line, f/p - necrophage
Aim: a necrophage (heavily damaged, 71% to hit)
The sting hits the necrophage.
The necrophage is heavily damaged.
The necrophage barely misses you.
Casting: Sting (safe; 5% risk of failure)
Confirm with . or Enter, or press ? or * to list all spells.
Aiming: Sting (safe; 5% risk of failure)
Press: ? - help, Shift-Dir - straight line, f/p - necrophage
Aim: a necrophage (heavily damaged, 71% to hit)
The sting hits the necrophage.
The necrophage partially resists.
The necrophage is heavily damaged.
The necrophage hits you.
You die...

.# .+ #.# #.# #
..# ......
##.####.... ..
#.......... ..#
#@........ ....
#n..###..##....
#...###...!....
#...#.#........
#...#.#..#
#...#.#..###..
#...#..........
#.............#
#...#.#..###..#


You could see a necrophage.

Vanquished Creatures
  A gnoll (D:1)
  4 adders (D:2)
  A worm (D:2)
  4 dart slugs
  4 orcs (D:3)
  9 ball pythons
  4 bats
  5 endoplasms
  A giant cockroach (D:1)
  3 goblins
  4 hobgoblins
  4 jackals (D:2)
  6 kobolds
  2 quokkas
  6 frilled lizards
  4 rats
62 creatures vanquished.

Notes
Turn   | Place    | Note
-------+----------+-------------------------------------------
     0 | D:1      | wormed the Ogre Venom Mage began the quest for the Orb.
     0 | D:1      | Reached XP level 1. HP: 16/16 MP: 3/3
   178 | D:1      | Reached skill level 1 in Transmutations
   313 | D:1      | Reached XP level 2. HP: 20/24 MP: 0/5
   389 | D:1      | Learned a level 2 spell: Poisonous Vapours
   493 | D:1      | Found a faded altar of an unknown god.
   526 | D:1      | Reached skill level 3 in Spellcasting
   720 | D:1      | Reached XP level 3. HP: 31/31 MP: 3/7
  1591 | D:2      | Reached skill level 4 in Spellcasting
  1866 | D:2      | Reached XP level 4. HP: 39/39 MP: 6/10
  1939 | D:2      | Learned a level 4 spell: Olgreb's Toxic Radiance
  1943 | D:2      | Learned a level 3 spell: Mephitic Cloud
  3317 | D:3      | Reached XP level 5. HP: 7/45 MP: 3/11
  3677 | D:3      | You fall into a shaft and drop 1 floor!
  3733 | D:4      | Slain by a necrophage

Illustrated notes

Levels and vault maps discovered:
D:1:      lemuel_arrival_broad_hall, layout_loops_cross,
          shapermc_ecumenical_altar_notcrosses, serial_aquarium,
          aquarium_bridge_long_joined [aquarium_subvault_bridge,
          aquarium_subvault_window, aquarium_subvault_bridge,
          aquarium_subvault_bridge, aquarium_subvault_balcony,
          aquarium_subvault_balcony], aquarium_window_1, aquarium_window_fake,
          aquarium_view_2a, minmay_misc_feat_square
D:2:      layout_loops_cross, grunt_ministairs_13, hangedman_feature_mirror,
          chequers_serial_rivers_micro_e, minmay_statues_item,
          grunt_decor_junction
D:3:      layout_loops_ring, chequers_temple_overflow_statue_of_worship,
          minivault_25
D:4:      minmay_chambers_of_threes, layout_basic, lemuel_crystal_altar

Skill      XL: |  1  2  3  4 |
---------------+-------------+-----
Transmutations | 1 |  1.0
Dodging        | 2 |  2.0
Spellcasting   | 3 4 |  4.0
Stealth        | 2 |  2.0
Poison Magic   | 3 |  3.9

Action                   |  1- 3 |  4- 6 || total
-------------------------+-------+-------++-------
Melee: Unarmed           |     8 |       ||     8
       Dagger            |    15 |    31 ||    46
       Punch             |     1 |       ||     1
 Cast: Sting             |    52 |    52 ||   104
       Poisonous Vapours |    11 |    11 ||    22
       Olgreb's Toxic Ra |       |     2 ||     2
  Use: Scroll            |       |     1 ||     1
Armor: Robe              |     4 |    13 ||    17
Dodge: Dodged            |    19 |    30 ||    49
